 Dungeon Sprint DCSS version 0.26-a0-649-gf8c6c3aab7 (webtiles) character file.

Game seed: 1141326433823100574

8 sahdkjhfkaj the Slasher (level 2, -3/33 HPs)
             Began as a Demonspawn Fire Elementalist on Sept 27, 2020.
             Was a Believer of Makhleb.
             Slain by a fire bat (4 damage)
             ... in the Dungeon (Sprint VII: "The Pits").
             The game lasted 00:00:44 (206 turns).

sahdkjhfkaj the Slasher (DsFE)                       Turns: 206, Time: 00:00:45

Health: -3/33      AC:  2    Str:  8    XL:     2   Next: 0%
Magic:  5/5        EV: 12    Int: 16    God:    Makhleb [**....]
Gold:   0          SH:  0    Dex: 13    Spells: 4/5 levels left

rFire    . . .     SeeInvis .   b - +2 falchion (elec)
rCold    . . .     Faith    .   (no shield)
rNeg     . . .     Spirit   .   a - +0 robe
rPois    .         Reflect  .   (no helmet)
rElec    .         Harm     .   (no cloak)
rCorr    .         Rampage  .   (no gloves)
MR       .....     NoTele   +   (no boots)
Stlth    ..........             (no amulet)
HPRegen  0.11/turn              (no ring)
MPRegen  0.09/turn              (no ring)

@: berserking (expiring), very quick
A: rot immunity
a: Minor Destruction, Renounce Religion


You were in the Dungeon.
You worshipped Makhleb.
Makhleb was pleased with you.
You visited 1 branch

Inventory:

Hand Weapons
 b - a +2 falchion of electrocution (weapon)
Armour
 a - a +0 robe (worn)
Scrolls
 h - a scroll of blinking
 j - 3 scrolls of remove curse
 k - 5 scrolls of amnesia
 l - a scroll of summoning
 m - 2 scrolls of vulnerability
Potions
 c - a potion of curing
 d - a potion of heal wounds
 e - a potion of haste
 f - 4 potions of magic
 g - 2 potions of berserk rage
 i - 2 potions of invisibility


   Skills:
 - Level 1.9 Fighting
 + Level 2.7 Long Blades
 - Level 1.7 Dodging
 - Level 1.7 Stealth
 - Level 2.0 Spellcasting
 - Level 1.0 Conjurations
 - Level 2.6 Fire Magic


You had 4 spell levels left.
You knew the following spells:

 Your Spells              Type           Power        Failure   Level
a - Foxfire               Conj/Fire      #...         10%         1

Your spell library contained the following spells:

 Spells                   Type           Power        Failure   Level
 Conjure Flame            Conj/Fire      #.......     28%         3
 Inner Flame              Hex/Fire       #.......     34%         3
 Sticky Flame             Conj/Fire      #.......     67%         4
 Fireball                 Conj/Fire      #.........   95%         5


Dungeon Overview and Level Annotations

Branches:
Dungeon (1/1)

Altars:
Ashenzari
Cheibriados
Dithmenos
Elyvilon
Fedhas
Gozag
Hepliaklqana
Kikubaaqudgha
Makhleb
Nemelex Xobeh
Okawaru
Qazlal
Ru
Sif Muna
Trog
Uskayaw
Vehumet
Wu Jian
Xom
Yredelemnul
Zin
The Shining One
Beogh
Jiyva
Lugonu


Innate Abilities, Weirdness & Mutations

You are immune to rotting.


Message History

The fire bat completely misses you. The ufetubus hits you.
* * * LOW HITPOINT WARNING * * *
The ufetubus misses you.
You closely miss the fire bat. The fire bat closely misses you.
The ufetubus hits you but does no damage.
The ufetubus closely misses you.
Unknown command.
Unknown command.
You barely miss the fire bat. The fire bat closely misses you.
You riposte.
You hit the fire bat.
The fire bat is moderately wounded.
The ufetubus hits you.
* * * LOW HITPOINT WARNING * * *
The ufetubus closely misses you.
Unknown command.
Unknown command.
You hit the ufetubus.
The ufetubus is severely wounded.
The fire bat bites you.
You die...

##########'##........
#..(.')))'.##......#.
##########.##.......§
#..........)'........
#+#####'#####......#.
#...#†# #........
#.†.#†# ####'####
#...'.# #.......#
##@#### #.......#
#†b5..# #.......#
#.....# #...<...#
#....... #.......#
#........##.......#
###########.......#
#########


You could see a fire bat and an ufetubus.

Vanquished Creatures
  2 bats (D)
  A giant cockroach (D)
  2 hobgoblins (D)
  A frilled lizard (D)
  A jackal skeleton (D)
7 creatures vanquished.

Vanquished Creatures (others)
  4 foxfires (D)
4 creatures vanquished.

Grand Total: 11 creatures vanquished

Notes
Turn   | Place    | Note
-------+----------+-------------------------------------------
     0 | D        | sahdkjhfkaj the Demonspawn Fire Elementalist began the
                  | quest for the Orb.
     0 | D        | Reached XP level 1. HP: 13/13 MP: 3/3
    14 | D        | Reached skill level 1 in Fighting
    74 | D        | Found a glowing golden altar of the Shining One.
    74 | D        | Found a glowing silver altar of Zin.
    74 | D        | Found a basalt altar of Yredelemnul.
    74 | D        | Found a shimmering altar of Xom.
    74 | D        | Found an ornate altar of the Wu Jian Council.
    74 | D        | Found a bloodstained altar of Trog.
    74 | D        | Found a shimmering blue altar of Sif Muna.
    74 | D        | Found a sacrificial altar of Ru.
    74 | D        | Found a stormy altar of Qazlal.
    74 | D        | Found an iron altar of Okawaru.
    74 | D        | Found a sparkling altar of Nemelex Xobeh.
    74 | D        | Found a burning altar of Makhleb.
    74 | D        | Found a viscous altar of Jiyva.
    74 | D        | Found a hazy altar of Hepliaklqana.
    74 | D        | Found an opulent altar of Gozag.
    74 | D        | Found a blossoming altar of Fedhas.
    74 | D        | Found a white marble altar of Elyvilon.
    74 | D        | Found a shadowy altar of Dithmenos.
    74 | D        | Found a snail-covered altar of Cheibriados.
    75 | D        | Found a radiant altar of Vehumet.
    75 | D        | Found a corrupted altar of Lugonu.
    75 | D        | Found a roughly hewn altar of Beogh.
    76 | D        | Found a hide-covered altar of Uskayaw.
    76 | D        | Found an ancient bone altar of Kikubaaqudgha.
    76 | D        | Found a broken altar of Ashenzari.
    82 | D        | Became a worshipper of Makhleb the Destroyer
    97 | D        | Reached skill level 1 in Long Blades
   104 | D        | Reached * piety under Makhleb
   187 | D        | Noticed a fire bat
   199 | D        | Reached ** piety under Makhleb
   199 | D        | Gained mutation: You are immune to rotting. [demonic
                  | ancestry]
   199 | D        | Reached XP level 2. HP: 17/22 MP: 5/5
   203 | D        | HP: 1/33 [ufetubus (2)]
   206 | D        | Slain by a fire bat

Illustrated notes

Levels and vault maps discovered:
D:        pitsprint [storerooms_1, entrance_room_1, metal_vault_6, armoury_2,
          mini_pit_1, grid_room_1, main_hall_1, silver_pit, the_coven_3,
          the_vestibule_1, steel_vault_3, golden_pit, hallway_of_sentries,
          crystal_vault_1, iron_vault_2, final_vault]

Skill      XL: |  1 |
---------------+----+-----
Fighting       | 1 |  1.9
Long Blades    | 2 |  2.7
Dodging        | |  1.7
Stealth        | |  1.7
Spellcasting   | |  2.0
Conjurations   | |  1.0
Fire Magic     | |  2.6

Action                   || total
-------------------------++-------
Melee: Falchion          ||    17
 Cast: Foxfire           ||     3
  Use: Potion            ||     1
 Stab: Sleeping          ||     1
Armor: Robe              ||     9
Dodge: Dodged            ||    27
       Rpst.: Falchion   ||     8

Table legend: (Time is in decaauts)
 A = Elapsed time spent in this place.
 B = Non-inter-level travel time spent in this place.
 C = Inter-level travel time spent in this place.
 D = Time resting spent in this place.
 E = Time spent auto-exploring this place.
 F = Levels seen in this place.
 G = Mean time per level.
                   A        B        C        D        E       F      G
               +--------+--------+--------+--------+--------+-----+--------+
         Total |    206 |    206 |      0 |    101 |      0 |   1 |  206.0 |
       Dungeon |    206 |    206 |      0 |    101 |      0 |   1 |  206.0 |
               +--------+--------+--------+--------+--------+-----+--------+

Top non-repeatable levels by time:
       D: 206 daAuts
